 Dungeon Crawl Stone Soup version 0.23-a0-629-gae4348f (webtiles) character file.

246 Lanoc the Bolt Thrower (level 5, -6/49 HPs)
             Began as a Deep Dwarf Hunter on Dec 26, 2018.
             Was a Priest of Uskayaw.
             Killed by divine providence
             ... invoked by an orc priest
              (10 damage)
             ... on level 4 of the Dungeon.
             The game lasted 00:08:53 (2438 turns).

Lanoc the Bolt Thrower (Deep Dwarf Hunter)          Turns: 2438, Time: 00:08:54

Health: -6/49      AC:  4    Str: 15    XL:     5   Next: 84%
Magic:  2/2        EV: 13    Int: 12    God:    Uskayaw [***...]
Gold:   162        SH:  0    Dex: 14    Spells: 4/4 levels left

rFire    . . .     SeeInvis +   s - +0 hand axe
rCold    . . .     Gourm    .   (no shield)
rNeg     . . .     Faith    .   c - +1 leather armour
rPois    .         Spirit   .   (no helmet)
rElec    .         Reflect  .   (no cloak)
rCorr    .         Harm     .   (no gloves)
MR       .....                  (no boots)
Stlth    ++........             (no amulet)
HPRegen  0.00/turn              l - ring of see invisible
MPRegen  0.08/turn              (no ring)

@: non-regenerating
A: damage resistance, heal wounds, sense surroundings 1, no regeneration
a: Heal Wounds, Stomp, Line Pass, Renounce Religion


You were on level 4 of the Dungeon.
You worshipped Uskayaw.
Uskayaw was noncommittal.
You were hungry.

You visited 1 branch of the dungeon, and saw 4 of its levels.

You collected 162 gold pieces.

Inventory:

Hand Weapons
 a - a +1 hand crossbow
 b - a +0 short sword
 d - a +1 dagger of protection
 s - a +0 hand axe (weapon)
Missiles
 o - 6 bolts
Armour
 c - a +1 leather armour (worn)
Jewellery
 l - a ring of see invisible (left hand)
 t - an uncursed amulet of regeneration
Scrolls
 e - a scroll of immolation
 i - 3 scrolls of remove curse
 m - 2 scrolls of enchant armour
 q - 2 scrolls of fog
Potions
 g - a potion of curing {unknown}
 h - 4 potions of flight {unknown}
 j - a potion of degeneration {unknown}
 k - a potion of might {unknown}
 p - a potion of cancellation {unknown}
Comestibles
 f - 7 rations
 n - a chunk of flesh


   Skills:
 + Level 3.1 Fighting
 * Level 1.5 Axes
 + Level 5.3 Crossbows
 + Level 2.7 Armour
 + Level 3.7 Dodging
 - Level 1.2 Stealth


You had 4 spell levels left.
You didn't know any spells.
Your spell library was empty.

Dungeon Overview and Level Annotations

Branches:
Dungeon (4/15)
 Temple: D:4-7

Altars:
Cheibriados
Ru
Uskayaw

Annotations:
D:3 Sigmund


Innate Abilities, Weirdness & Mutations

You are resistant to damage.
You can heal yourself by infusing magical energy.
You passively map a small area around you.
You do not regenerate.


Message History

You hit the orc but do no damage.
The orc priest calls down the wrath of Beogh upon you.
Beogh smites you! The orc barely misses you.
You barely miss the orc priest.
The orc priest is lightly wounded.
You hit the orc.
You kill the orc!
The orc priest closely misses you.
You slash the orc priest!
The orc priest is heavily wounded.
You are feeling hungry.
The orc priest hits you with a +0 club.
* * * LOW HITPOINT WARNING * * *
The orc priest mumbles some strange prayers to Beogh against you.
Beogh smites you!
* * * LOW HITPOINT WARNING * * *
You fail to use your ability.
The orc priest invokes the aid of Beogh against you.
Beogh smites you!
You die...

, , * * ,, , *
,, , ,,, .. * ,
, , #.. * , ,
....###
......[##### , ,
, #..o@...#* *
......#).#.#**
#.>....#........
,
##..............
,
*#......#.#..###
* ......#.
......,
##......,.......
#....## #####..
, , .. ,, ,..


You could see an orc priest.

Vanquished Creatures
  Ijyb (D:4)
  4 gnolls
  7 adders
  4 worms
  4 dart slugs
  3 leopard geckos
  8 orcs
  3 giant cockroaches
  9 goblins
  7 hobgoblins
  8 jackals
  A quokka (D:1)
  A ball python (D:1)
  9 bats
  8 frilled lizards
  10 kobolds
  6 rats
93 creatures vanquished.

Notes
Turn   | Place    | Note
-------+----------+-------------------------------------------
     0 | D:1      | Lanoc the Deep Dwarf Hunter began the quest for the Orb.
     0 | D:1      | Reached XP level 1. HP: 19/19 MP: 1/1
   161 | D:1      | Reached XP level 2. HP: 26/26 MP: 2/2
   528 | D:1      | Reached skill level 1 in Armour
   844 | D:1      | Reached XP level 3. HP: 23/32 MP: 3/3
   962 | D:2      | Reached XP level 4. HP: 25/40 MP: 3/3
  1020 | D:2      | Found a snail-covered altar of Cheibriados.
  1129 | D:2      | Reached skill level 5 in Crossbows
  1172 | D:2      | Found a faded altar of an unknown god.
  1208 | D:2      | Became a worshipper of Uskayaw the Reveler
  1208 | D:2      | Reached * piety under Uskayaw
  1413 | D:2      | Reached ** piety under Uskayaw
  1629 | D:3      | Reached XP level 5. HP: 43/48 MP: 3/3
  2060 | D:3      | Reached skill level 1 in Axes
  2092 | D:3      | Found a sacrificial altar of Ru.
  2096 | D:3      | Noticed Sigmund
  2406 | D:4      | Noticed Ijyb
  2429 | D:4      | Reached *** piety under Uskayaw
  2430 | D:4      | Killed Ijyb
  2431 | D:4      | HP: 2/49 [orc (1)]
  2438 | D:4      | Killed from afar by an orc priest

Vault maps used:
D:1:      minmay_arrival_four_houses
D:2:      chequers_ecumenical_altar_simple_redux, cheibriados_altar_1
D:3:      nicolae_overflow_hidden_temple, uniq_sigmund
D:4:      first_ration, serial_shops, kennysheep_mini, uniq_ijyb

Skill      XL: |  1  2  3  4  5 |
---------------+----------------+-----
Fighting       | 2 3 |  3.1
Armour         | 1 2 |  2.7
Dodging        | 3 |  3.7
Crossbows      | 5 |  5.3
Axes           | 1 |  1.5
Stealth        | |  1.2

Action                   |  1- 3 |  4- 6 || total
-------------------------+-------+-------++-------
Melee: Dagger            |       |   159 ||   159
       Short sword       |       |     3 ||     3
       Hand axe          |       |    99 ||    99
 Fire: Hand crossbow     |    54 |    35 ||    89
Invok: Stomp             |       |     1 ||     1
 Abil: Heal Wounds       |     1 |     4 ||     5
  Use: Scroll            |       |     6 ||     6
 Stab: Sleeping          |       |     3 ||     3
       Paralysed         |       |     2 ||     2
  Eat: Chunk             |       |     5 ||     5
Armor: Leather armour    |    13 |    69 ||    82
Dodge: Dodged            |    45 |   181 ||   226

Table legend:
 A = Non-vault XP
 B = Vault XP
 C = Vault XP percentage of total XP
 D = Non-vault monster count
 E = Vault monster count
 F = Vault count percentage of total count
                 A         B        C        D         E       F
            +---------+---------+-------+---------+---------+-------
      Total |     316 |      36 |  10.2 |      92 |       1 |   1.1
            +---------+---------+-------+---------+---------+-------
        D:1 |      68 |       0 |   0.0 |      26 |       0 |   0.0
        D:2 |     120 |       0 |   0.0 |      30 |       0 |   0.0
        D:3 |     119 |       0 |   0.0 |      33 |       0 |   0.0
        D:4 |       9 |      36 |  80.0 |       3 |       1 |  25.0
            +---------+---------+-------+---------+---------+-------
